 Dungeon Crawl Stone Soup version 0.21.1-1-g345015f (webtiles) character file.

186 Scud the Sneak (level 5, -5/32 HPs)
             Began as a Tengu Assassin on Mar 17, 2018.
             Killed by divine providence
             ... invoked by an orc priest
              (12 damage)
             ... on level 3 of the Dungeon.
             The game lasted 00:14:37 (2845 turns).

Scud the Sneak (Tengu Assassin)                     Turns: 2845, Time: 00:14:38

Health: -5/32      AC:  3    Str: 11    XL:     5   Next: 65%
Magic:  6/6        EV: 12    Int: 11    God:
Gold:   157        SH:  0    Dex: 17    Spells: 4/4 levels left

rFire    . . .     SeeInvis .   a - +2 dagger
rCold    . . .     Gourm    .   (no shield)
rNeg     + . .     Faith    .   c - +0 robe
rPois    .         Spirit   .   (helmet restricted)
rElec    .         Reflect  .   d - +0 cloak
rCorr    .         Harm     .   (no gloves)
MR       .....                  (boots unavailable)
Stlth    +++.......             (no amulet)
HPRegen  0.10/turn              h - ring of positive energy
MPRegen  0.10/turn              (no ring)

@: no status effects
A: beak, talons 3, able to fly 1
a: Fly


You were on level 3 of the Dungeon.
You were hungry.

You visited 1 branch of the dungeon, and saw 3 of its levels.

You collected 157 gold pieces.

Inventory:

Hand Weapons
 a - a +2 dagger (weapon)
 b - a +0 blowgun
 l - a +0 hunting sling
Missiles
 e - a poisoned needle
 f - 2 curare-tipped needles
 i - 217 stones (quivered)
 k - 7 sling bullets
Armour
 c - a +0 robe (worn)
 d - a +0 cloak (worn)
Jewellery
 h - a ring of positive energy (left hand)
Wands
 t - a wand of paralysis (14)
 v - a wand of random effects (25)
Scrolls
 j - 2 scrolls of remove curse
 o - a scroll of fear {unknown}
 p - 4 scrolls of random uselessness {unknown}
 q - a scroll of identify
Potions
 m - a potion of heal wounds {unknown}
 n - a potion of degeneration {unknown}
 r - 4 potions of ambrosia {unknown}
 s - a potion of curing
Comestibles
 u - 2 rations


   Skills:
 + Level 3.0 Fighting
 + Level 3.4 Short Blades
 + Level 2.5 Throwing
 + Level 1.6 Dodging
 + Level 5.5 Stealth


You had 4 spell levels left.
You didn't know any spells.

Dungeon Overview and Level Annotations

Branches:
Dungeon (3/15)

Altars:
Cheibriados
Hepliaklqana
Okawaru
Ru
Uskayaw
Wu Jian


Innate Abilities, Weirdness & Mutations

You have a beak for a mouth.
You have claws for feet.
You can fly.


Message History

Pain shoots through your body!
* * * LOW HITPOINT WARNING * * *
You swoop lightly up into the air.
You feel very comfortable in the air.
You are feeling hungry.
The orc priest looks satisfied for a moment.
The orc priest mumbles some strange prayers to Beogh against you.
You barely resist.
The orc priest casts a cantrip, but nothing happens.
There is an open door here.
An orc priest opens the door.
You reach down and close the door.
You are starting to lose your buoyancy.
Something unseen opens the door.
You start resting.
An orc priest is nearby!
You float gracefully downwards.
You start resting.
The orc priest calls down the wrath of Beogh upon you.
Beogh smites you!
You die...

#......)..#.###.
#.###.###)...## #.#
#.# #.....# ####.###)#
#.....## #........#
#.#.#..# #.##.##.##
#.#.##.#### #.##.##.#
#.#......o.
#.o..##)####.#'o###.##
#.##.@..........# #.#
#.#####)####....###'##
#......)###.......+_##
#.#..)####...(..###+##
#.......o'.)....# #
#.#...####......###.##
#.##.## ##)..........
#.#### ##......####
#####.##### ##...###


You could see an orc priest.

Vanquished Creatures
  Ijyb (D:3)
  Terence (D:2)
  An orc wizard (D:3)
  Robin (D:3)
  3 adders
  An ooze (D:3)
  2 worms
  4 dart slugs
  A leopard gecko (D:3)
  An orc (D:3)
  A ball python (D:3)
  2 bats (D:3)
  3 giant cockroaches
  6 hobgoblins
  3 kobolds (D:1)
  4 frilled lizards
  15 goblins
  5 rats
55 creatures vanquished.

Notes
Turn   | Place    | Note
-------+----------+-------------------------------------------
     0 | D:1      | Scud the Tengu Assassin began the quest for the Orb.
     0 | D:1      | Reached XP level 1. HP: 12/12 MP: 2/2
   475 | D:1      | Reached XP level 2. HP: 17/17 MP: 3/3
  1155 | D:2      | Found an iron altar of Okawaru.
  1198 | D:2      | Reached XP level 3. HP: 21/21 MP: 4/4
  1206 | D:2      | Noticed Terence
  1224 | D:2      | Killed Terence
  1444 | D:2      | Reached skill level 5 in Stealth
  1444 | D:2      | Reached XP level 4. HP: 11/27 MP: 5/5
  1692 | D:2      | Found a sacrificial altar of Ru.
  1792 | D:2      | Found a hazy altar of Hepliaklqana.
  1792 | D:2      | Found an ornate altar of the Wu Jian Council.
  2113 | D:3      | Noticed Ijyb
  2118 | D:3      | Killed Ijyb
  2178 | D:3      | Found a hide-covered altar of Uskayaw.
  2239 | D:3      | Gained mutation: You can fly. [Tengu growth]
  2239 | D:3      | Reached XP level 5. HP: 30/31 MP: 6/6
  2399 | D:3      | Noticed Robin
  2525 | D:3      | Killed Robin
  2726 | D:3      | Found a snail-covered altar of Cheibriados.
  2845 | D:3      | Killed from afar by an orc priest

Skill      XL: |  1  2  3  4  5 |
---------------+----------------+-----
Stealth        | 5 |  5.5
Short Blades   | 3 |  3.4
Fighting       | 3 |  3.0
Throwing       | |  2.5
Dodging        | |  1.6

Action                   |  1- 3 |  4- 6 || total
-------------------------+-------+-------++-------
Melee: Dagger            |    62 |    80 ||   142
       Kick              |    11 |    19 ||    30
       Peck              |    10 |     9 ||    19
 Fire: Blowgun           |     6 |    18 ||    24
       Hunting sling     |       |     4 ||     4
 Abil: Fly               |       |     1 ||     1
  Use: Scroll            |     2 |       ||     2
       Potion            |     2 |       ||     2
 Stab: Sleeping          |     3 |     7 ||    10
  Eat: Chunk             |     1 |     1 ||     2
       Ration            |       |     1 ||     1
Armor: Robe              |     6 |    12 ||    18
Dodge: Dodged            |    24 |    37 ||    61
